 Dungeon Crawl Stone Soup version 0.19.1 (webtiles) character file.

84 esteth the Changer (level 4, 0/48 HPs)
             Began as a Merfolk Transmuter on Dec 12, 2016.
             Succumbed to an adder's poison
             ... on level 2 of the Dungeon.
             The game lasted 00:06:55 (1764 turns).

esteth the Changer (Merfolk Transmuter)             Turns: 1764, Time: 00:06:56

Health: 0/48       AC:  2    Str: 15    XL:     4   Next: 45%
Magic:  5/8        EV: 13    Int: 13    God:
Gold:   56         SH:  0    Dex: 14    Spells: 2 memorised, 5 levels left

rFire  . . .     SeeInvis .       - Unarmed
rCold  . . .     Gourm    .     b - +0 robe
rNeg   . . .     Faith    .     (no shield)
rPois  .         Spirit   .     (no helmet)
rElec  .         Reflect  .     (no cloak)
rCorr  .         Harm     .     (no gloves)
MR     .....                    (no boots)
Stlth  ..........               (no amulet)
                                (no ring)
                                (no ring)

@: berserking, lethally poisoned (0 -> -9), appendage (expiring), very slightly
contaminated, hasted, very quick
A: change form in water, swift swim, stealthy swim, horns 2
a: End Transformation


You were on level 2 of the Dungeon.
You were not hungry.
You had grown temporary horns.
You visited 1 branch of the dungeon, and saw 2 of its levels.

You collected 56 gold pieces.

Inventory:

Missiles
 a - 37 arrows
Armour
 b - a +0 robe (worn)
 e - a +0 pair of gloves
Jewellery
 d - an uncursed amulet of rage {unknown}
Scrolls
 g - a scroll of identify {unknown}
 h - a scroll of amnesia {unknown}
 i - 3 scrolls of remove curse {unknown}
 k - a scroll of enchant armour {unknown}
Books
 c - a book of Changes

   Spells                             Type                      Level
   a - Beastly Appendage              Transmutation                1
   b - Sticks to Snakes               Transmutation                2
   c - Spider Form                    Transmutation/Poison         3
   d - Ice Form                       Ice/Transmutation            4
   e - Blade Hands                    Transmutation                5
Comestibles
 f - a slice of pizza
 l - 2 chunks of flesh
 n - a meat ration
 o - a bread ration


   Skills:
 - Level 1.1 Fighting
 - Level 2.9 Dodging
 + Level 3.7 Unarmed Combat
 * Level 3.2 Spellcasting
 + Level 4.1 Transmutations
 + Level 0.0 Poison Magic


You had 5 spell levels left.
You knew the following spells:

 Your Spells              Type           Power        Failure   Level  Hunger
a - Beastly Appendage     Tmut           ##....       6%          1    #......
b - Spider Form           Tmut/Pois      #.........   34%         3    ###....


Dungeon Overview and Level Annotations

Branches:
Dungeon (2/15)

Altars:


Innate Abilities, Weirdness & Mutations

You revert to your normal form in water.
You are very nimble and swift while swimming.
You are very stealthy in the water. (Stealth+)
You have a pair of horns on your head.


Message History

The adder poisons you!
You hit the adder. You headbutt the adder.
You kill the adder!
* * * LOW HITPOINT WARNING * * *
You feel sick.
It was a potion of haste.
You feel yourself speed up.
* * * LOW HITPOINT WARNING * * *
You feel sick.
* * * LOW HITPOINT WARNING * * *
You feel sick.
* * * LOW HITPOINT WARNING * * *
You feel sick.
* * * LOW HITPOINT WARNING * * *
You feel sick.
* * * LOW HITPOINT WARNING * * *
You feel sick.
It was a potion of berserk rage.
A red film seems to cover your vision as you go berserk!
You feel yourself moving faster!
You feel mighty!
You die...

### ..# ..#
####### ..#
#.....# ..## ###
#.....# ...# ##.#
#....@# ...# #[.#
#.....# ...# #.##
#.....# .
...###.#
##.#..#####...
.#.#...#
#.##.#..$....
.#.#.###
####......#
.#...#
##.....#..## #
.#..##
#..#.####..###..#
....#
#..............#


There were no monsters in sight!

Vanquished Creatures
  3 adders (D:2)
  An ooze (D:1)
  5 bats
  3 giant cockroaches
  7 goblins
  4 hobgoblins
  4 jackals (D:1)
  10 kobolds
  A quokka (D:2)
  4 frilled lizards
  5 rats
47 creatures vanquished.

Notes
Turn   | Place    | Note
-------+----------+-------------------------------------------
     0 | D:1      | esteth the Merfolk Transmuter began the quest for the Orb.
     0 | D:1      | Reached XP level 1. HP: 15/15 MP: 3/3
    55 | D:1      | Reached skill level 3 in Transmutations
   247 | D:1      | Reached XP level 2. HP: 8/21 MP: 5/5
   629 | D:1      | Reached XP level 3. HP: 17/26 MP: 6/6
  1269 | D:2      | Learned a level 3 spell: Spider Form
  1280 | D:2      | Reached XP level 4. HP: 25/32 MP: 5/8
  1689 | D:2      | Reached skill level 4 in Transmutations
  1763 | D:2      | HP: 1/32 [poisoned by an adder]
  1764 | D:2      | Succumbed to an adder's poison

Skill      XL: |  1  2  3  4 |
---------------+-------------+-----
Transmutations | 3 4 |  4.1
Spellcasting   | 3 |  3.2
Fighting       | |  1.1
Dodging        | |  2.9
Unarmed Combat | |  3.7

Action                   |  1- 3 |  4- 6 || total
-------------------------+-------+-------++-------
Melee: Unarmed           |   135 |    23 ||   158
       Headbutt          |    13 |     1 ||    14
       Punch             |     2 |       ||     2
 Cast: Beastly Appendage |    19 |     1 ||    20
       Spider Form       |     1 |     2 ||     3
  Use: Potion            |       |     2 ||     2
  Eat: Bread ration      |     1 |       ||     1
Armor: Robe              |    42 |     1 ||    43
       Skin              |     1 |     1 ||     2
Dodge: Dodged            |   157 |    17 ||   174
